 Dungeon Sprint DCSS version 0.21-a0-536-gdbbf329 (webtiles) character file.

57 Ghella the Covert (level 3, -8/16 HPs)
             Began as a Spriggan Enchanter on Dec 15, 2017.
             Splashed by an oklob sapling's acid (9 damage)
             ... in the Dungeon (Sprint IV: "Fedhas' Mad Dash").
             The game lasted 00:00:36 (307 turns).

Ghella the Covert (Spriggan Enchanter)               Turns: 307, Time: 00:00:38

Health: -8/16      AC:  2    Str:  4    XL:     3   Next: 73%
Magic:  9/9        EV: 19    Int: 16    God:
Gold:   63         SH:  0    Dex: 17    Spells: 9/10 levels left

rFire    . . .     SeeInvis +   a - +1 dagger
rCold    . . .     Gourm    .   (shield restricted)
rNeg     . . .     Faith    .   b - +0 robe
rPois    .         Spirit   .   (helmet restricted)
rElec    .         Reflect  .   (no cloak)
rCorr    .         Harm     .   (gloves unavailable)
MR       .....     NoTele   +   (boots unavailable)
Stlth    ++++......             i - amulet of invisibility {+Inv}
HPRegen  0.05/turn              (no ring)
MPRegen  0.11/turn              (no ring)

@: very quick
A: very small, unfitting armour, see invisible, herbivore 3, speed 3, slow
metabolism 2
a: Evoke Invisibility


You were in the Dungeon.
You were not hungry.

You visited 1 branch You collected 63 gold pieces.

Inventory:

Hand Weapons
 a - a +1 dagger (weapon)
Armour
 b - a +0 robe (worn)
Jewellery
 i - the amulet of invisibility (around neck) {+Inv}
   (You found it in the Dungeon)

   [amulet of nothing]

   It lets you turn invisible.
Scrolls
 j - a scroll of blinking
Potions
 e - a potion of curing
 f - a potion of heal wounds
 g - a potion of haste
 h - 2 potions of magic
Books
 c - a book of Maledictions

   Spells                             Type                      Level
   a - Corona                         Hexes                        1
   b - Ensorcelled Hibernation        Hexes/Ice                    2
   c - Confuse                        Hexes                        3
   d - Tukima's Dance                 Hexes                        3
   e - Dazzling Spray                 Conjuration/Hexes            3
Comestibles
 d - a bread ration


   Skills:
 + Level 1.3 Short Blades
 + Level 4.2 Dodging
 * Level 9.1 Stealth
 + Level 4.0 Spellcasting
 + Level 6.1 Hexes


You had 9 spell levels left.
You knew the following spells:

 Your Spells              Type           Power        Failure   Level  Hunger
a - Corona                Hex            ###....      1%          1    None


Dungeon Overview and Level Annotations

Branches:
Dungeon (1/1)

Altars:

Annotations:
D exclusion: oklob sapling


Innate Abilities, Weirdness & Mutations

You are very small and have problems with some larger weapons.
You are too small for most types of armour.
You have supernaturally acute eyesight. (SInv)
You are a herbivore.
You cover ground extremely quickly.
You need consume almost no food.


Message History

i - the amulet of invisibility {+Inv}
i - the amulet of invisibility (around neck) {+Inv} You see here 20 stones.
You now have 27 gold pieces (gained 17).
You now have 39 gold pieces (gained 12).
You now have 41 gold pieces (gained 2).
You now have 52 gold pieces (gained 11).
You now have 63 gold pieces (gained 11).
You open the door.
Marking area around the oklob sapling as unsafe for travelling.
An oklob sapling comes into view.
Found 17 gold pieces.
There is an open door here.
The oklob sapling spits acid at you. The splash of acid hits you!
Ouch! That really hurt!
* * * LOW HITPOINT WARNING * * *
You are splashed with acid!
The acid burns!
Ouch! That really hurt!
You die...

##################
#<..P#.....#.....#
#PP..'.....'.#(..+
#PPPP#.รท...#.#...#
###############'##
+.@.# #$P$# #####


You could see an oklob sapling.

Vanquished Creatures
  An oklob sapling (D)
  A worker ant (D)
  A river rat (D)
  A rat (D)
4 creatures vanquished.

Notes
Turn   | Place    | Note
-------+----------+-------------------------------------------
     0 | D        | Ghella the Spriggan Enchanter began the quest for the Orb.
     0 | D        | Reached XP level 1. HP: 9/9 MP: 5/5
     8 | D        | Reached skill level 6 in Stealth
     8 | D        | Reached XP level 2. HP: 13/13 MP: 7/7
   282 | D        | Noticed an oklob sapling
   284 | D        | Killed an oklob sapling
   284 | D        | Reached skill level 8 in Stealth
   284 | D        | Reached skill level 5 in Hexes
   284 | D        | Reached XP level 3. HP: 16/16 MP: 9/9
   287 | D        | Found the amulet of invisibility {+Inv}
   288 | D        | Reached skill level 9 in Stealth
   305 | D        | Noticed an oklob sapling
   307 | D        | Splashed by an oklob sapling's acid

Vault maps used:
D:        dungeon_sprint_fedhas

Skill      XL: |  1  2  3 |
---------------+----------+-----
Stealth        | 6 8 9 |  9.1
Spellcasting   | 3 4 |  4.0
Hexes          | 4 5 6 |  6.1
Dodging        | 4 |  4.2
Short Blades   | |  1.3

Action                   || total
-------------------------++-------
Melee: Dagger            ||     5
  Use: Potion            ||     1
 Stab: Sleeping          ||     2
Dodge: Dodged            ||     2

Table legend:
 A = Spawn XP
 B = Non-spawn XP
 C = Spawn XP percentage of total XP
 D = Spawn monster count
 E = Non-spawn monster count
 F = Spawn count percentage of total count
 G = Total turns spent on level
                    A         B        C        D         E        F      G
               +---------+---------+-------+---------+---------+-------+---------
         Total |       0 |      82 |   0.0 |       0 |       4 |   0.0 |   307
               +---------+---------+-------+---------+---------+-------+---------
             D |       0 |      82 |   0.0 |       0 |       4 |   0.0 |   307
               +---------+---------+-------+---------+---------+-------+---------
